 Dungeon Crawl Stone Soup version 0.29-a0-231-g945431f764 (webtiles) character file.

Game seed: 15189343943575836176

14441 IndexError the Frost Mage (level 12, -11/94 HPs)
             Began as a Gnoll Ice Elementalist on Mar 1, 2022.
             Was a Follower of Ashenzari.
             Mangled by a white ugly thing (13 damage)
             ... on level 12 of the Dungeon.
             The game lasted 00:35:36 (16940 turns).

IndexError the Frost Mage (Gnoll Ice Elementalist) Turns: 16940, Time: 00:35:37

Health: -11/94     AC:  6    Str: 13    XL:     12   Next: 16%
Magic:  26/26      EV: 23    Int: 23    God:    Ashenzari [*.....]
Gold:   597        SH:  0    Dex: 13    Spells: 21/31 levels left

rFire   + . .      SeeInvis .   a - +2 dagger (elec)
rCold   + . .      Faith    .   (no shield)
rNeg    . . .      Spirit   .   A - +1 robe {Will+}
rPois   +          Reflect  .   i - +0 hat of Sif Muna's Regard {+Blink Int+3}
rElec   +          Harm     .   X - scarf "Gaze Upon Infinity" {shadows, Self, Range} (curse)
rCorr   +          Rampage  .   C - +1 pair of gloves
Will    +....                   (no boots)
Stlth   ++++......              (no amulet)
HPRegen 0.25/turn               q - +6 ring of strength
MPRegen 0.20/turn               n - ring of the Hare {EV+8, Fort, Self} (curse)

@: resistant
A: fangs 1, strong nose, distributed training
a: Renounce Religion, Evoke Blink, Shatter the Chains


You were on level 12 of the Dungeon.
You worshipped Ashenzari.
Ashenzari was aware of your devotion.
You visited 2 branches of the dungeon, and saw 13 of its levels.
You also visited: Sewer.

You collected 597 gold pieces.

Inventory:

Hand Weapons
 a - a +2 dagger of electrocution (weapon)
   (You took it off a goblin on level 4 of the Dungeon)
 S - a +2 hunting sling of flaming
   (You found it on level 11 of the Dungeon)
Missiles
 g - 7 curare-tipped darts
 o - 3 throwing nets {=f, !d}
Armour
 i - the +0 hat of Sif Muna's Regard (worn) {+Blink Int+3}
   (You found it on level 2 of the Dungeon)

   Int:       It affects your intelligence (+3).
   +Blink:    It lets you blink.
 z - a +0 robe of cold resistance
   (You took it off Sigmund on level 5 of the Dungeon)
 A - a +1 robe of willpower (worn)
   (You took it off Psyche on level 12 of the Dungeon)
 C - a +1 pair of gloves (worn)
   (You found it on level 12 of the Dungeon)
 X - the cursed scarf "Gaze Upon Infinity" (worn) {shadows, Self, Range}
   (You found it on level 9 of the Dungeon)

   It has a curse which improves the following skills: Introspection: Fighting
   and Spellcasting.
   Ranged Combat: Slings, Bows, Crossbows and Throwing.
Jewellery
 n - the cursed ring of the Hare (right hand) {EV+8, Fort, Self}
   (You took it off a gnoll on level 3 of the Dungeon)

   [ring of evasion]

   EV:        It affects your evasion (+8).
   It has a curse which improves the following skills: Fortitude: Armour and
   Shields.
   Introspection: Fighting and Spellcasting.
 q - a +6 ring of strength (left hand)
   (You took it off a gnoll on level 3 of the Dungeon)
 P - a ring of positive energy {rN+}
   (You found it on level 7 of the Dungeon)
 R - a ring of see invisible {sInv, !d}
   (You took it off an orc on level 8 of the Dungeon)
Wands
 m - a wand of digging (4)
   (You took it off Ijyb on level 2 of the Dungeon)
 H - a wand of charming (2)
   (You found it on level 6 of the Dungeon)
 M - a wand of polymorph (7)
   (You found it on level 11 of the Dungeon)
 O - a wand of flame (45)
   (You found it on level 7 of the Dungeon)
 Q - a wand of acid (5)
   (You found it on level 11 of the Dungeon)
Scrolls
 b - 5 scrolls of magic mapping {!r}
 c - 12 scrolls of teleportation
 f - 4 scrolls of vulnerability {!r!r}
 h - 2 scrolls of silence
 p - 2 scrolls of brand weapon
 u - a scroll of fog
 w - 4 scrolls of amnesia
 y - 7 scrolls of identify
 E - 2 scrolls of blinking {!r}
 F - 2 scrolls of summoning
 K - a scroll of enchant weapon
 N - a scroll of immolation {!r}
 Y - a scroll of noise {!r}
Potions
 d - a potion of ambrosia
 e - 9 potions of curing
 j - 2 potions of cancellation
 l - 3 potions of brilliance
 s - 4 potions of flight
 t - 2 potions of magic
 v - 2 potions of mutation {!q}
 x - a potion of degeneration {!q}
 B - a potion of attraction {!q}
 D - 2 potions of lignification {!q}
 G - 2 potions of invisibility
 I - 2 potions of berserk rage {!q}
 J - 2 potions of might


   Skills:
 + Level 7.0(8.4) Fighting
 + Level 7.0 Short Blades
 + Level 7.0 Long Blades
 + Level 7.0 Axes
 + Level 7.0 Maces & Flails
 + Level 7.0 Polearms
 + Level 7.0 Staves
 + Level 7.0(7.9) Slings
 + Level 7.0(7.9) Bows
 + Level 7.0(7.9) Crossbows
 + Level 7.0(7.9) Throwing
 + Level 7.0(7.9) Armour
 + Level 8.5 Dodging
 + Level 8.2 Stealth
 + Level 7.0(7.9) Shields
 + Level 7.0 Unarmed Combat
 + Level 8.7(10.1) Spellcasting
 + Level 5.8 Conjurations
 + Level 5.8 Hexes
 + Level 5.8 Summonings
 + Level 5.8 Necromancy
 + Level 5.8 Translocations
 + Level 5.8 Transmutations
 + Level 5.8 Fire Magic
 + Level 9.3 Ice Magic
 + Level 5.8 Air Magic
 + Level 5.8 Earth Magic
 + Level 5.8 Poison Magic
 + Level 7.7 Invocations
 + Level 7.0 Evocations


You had 21 spell levels left.
You knew the following spells:

 Your Spells              Type           Power      Damage    Failure   Level
a - Freeze                Ice            100%       1d11      1%          1
b - Frozen Ramparts       Ice            100%       1d12      1%          3
c - Call Canine Familiar  Summ           38%        N/A       1%          3
A - Ozocubu's Armour      Ice            53%        N/A       1%          3

Your spell library contained the following spells:

 Spells                   Type           Power      Damage    Failure   Level
 Call Imp                 Summ           38%        N/A       1%          2
 Static Discharge         Conj/Air       38%        N/A       1%          2
 Hailstorm                Conj/Ice       46%        3d11      2%          4
 Metabolic Englaciation   Hex/Ice        23%        N/A       7%          5
 Fireball                 Conj/Fire      19%        3d9       14%         5
 Iskenderun's Battlesphe  Conj           38%        2d9       14%         5
 Lightning Bolt           Conj/Air       19%        1d33      14%         5
 Simulacrum               Ice/Necr       23%        N/A       36%         6
 Conjure Ball Lightning   Conj/Air       19%        3x3d6     61%         6
 Orb of Destruction       Conj           19%        9d8       99%         7
 Spellforged Servitor     Conj/Summ      19%        N/A       99%         7
 Maxwell's Capacitive Co  Air            19%        ∞         100%        8


Dungeon Overview and Level Annotations

Branches:
Dungeon (12/15)            Temple (1/1) D:5            Lair (0/6) D:9
    Orc (0/2) D:11          Sewer (visited)

Altars:
Ashenzari
Cheibriados
Dithmenos
Elyvilon
Fedhas
Gozag
Hepliaklqana
Kikubaaqudgha
Makhleb
Nemelex Xobeh
Okawaru
Qazlal
Ru
Sif Muna
Trog
Uskayaw
Vehumet
Wu Jian
Xom
Yredelemnul
Zin
The Shining One

Shops:
D:1 (   D:10 (

Annotations:
D:3 3 runed translucent doors, Colgate's ghost, amateur TrTm
D:10 2 transporters, Murumi's ghost, journeyman FoFi


Innate Abilities, Weirdness & Mutations

You have very sharp teeth.
Your uncanny sense of smell can sniff out nearby items.
Your experience applies equally to all skills.


Message History

Your Maces & Flails skill increases to level 7!
Your Polearms skill increases to level 7!
Your Staves skill increases to level 7!
Your Slings skill increases to level 7!
Your Bows skill increases to level 7!
Your Crossbows skill increases to level 7!
Your Throwing skill increases to level 7!
Your Armour skill increases to level 7!
Your Shields skill increases to level 7!
Your Unarmed Combat skill increases to level 7!
Your Evocations skill increases to level 7!
You now have 16/26 mp.
The frozen ramparts melt away.
Your icy armour starts to melt.
Your icy armour evaporates.
You open the door.
A white ugly thing comes into view.
Spoiler Alert: The white ugly thing (asleep) is fast and can hit for high cold damage in melee!
Health restored: 94; MP restored: 26 The white ugly thing gurgles horribly!
There is an open door here.
Spoiler Alert: The white ugly thing is fast and can hit for high cold damage in melee!
Spoiler Alert: The white ugly thing is fast and can hit for high cold damage in melee!
You completely miss the white ugly thing.
The white ugly thing misses you.
Spoiler Alert: The white ugly thing is fast and can hit for high cold damage in melee!
You hit the white ugly thing.
The white ugly thing completely misses you.
Spoiler Alert: The white ugly thing is fast and can hit for high cold damage in melee!
You barely miss the white ugly thing.
Spoiler Alert: The white ugly thing is fast and can hit for high cold damage in melee!
You hit the white ugly thing. The white ugly thing misses you.
Spoiler Alert: The white ugly thing is fast and can hit for high cold damage in melee!
You hit the white ugly thing but do no damage.
The white ugly thing tentacle-slaps you!
The white ugly thing freezes you!!
Spoiler Alert: The white ugly thing is fast and can hit for high cold damage in melee!
You take 42 damage, and have 52/94 hp.
MASSIVE DAMAGE!!
You are too injured to fight recklessly!
Spoiler Alert: The white ugly thing is fast and can hit for high cold damage in melee!
There is an open door here.
Spoiler Alert: The white ugly thing is fast and can hit for high cold damage in melee!
Spoiler Alert: The white ugly thing is fast and can hit for high cold damage in melee!
Spoiler Alert: The white ugly thing is fast and can hit for high cold damage in melee!
Spoiler Alert: The white ugly thing is fast and can hit for high cold damage in melee!
Spoiler Alert: The white ugly thing is fast and can hit for high cold damage in melee!
Okay, then.
Spoiler Alert: The white ugly thing is fast and can hit for high cold damage in melee!
Okay, then.
Spoiler Alert: The white ugly thing is fast and can hit for high cold damage in melee!
You feel protected.
The white ugly thing closely misses you.
Spoiler Alert: The white ugly thing is fast and can hit for moderate damage in melee!
You hit the white ugly thing.
The white ugly thing tentacle-slaps you!
The white ugly thing freezes you! You resist.
Spoiler Alert: The white ugly thing is fast and can hit for moderate damage in melee!
You take 19 damage, and have 35/94 hp.
MASSIVE DAMAGE!!
You hit the white ugly thing. The white ugly thing misses you.
Spoiler Alert: The white ugly thing is fast and can hit for moderate damage in melee!
You closely miss the white ugly thing.
You bite the white ugly thing, but do no damage.
Spoiler Alert: The white ugly thing is fast and can hit for moderate damage in melee!
You hit the white ugly thing. The white ugly thing misses you.
Spoiler Alert: The white ugly thing is fast and can hit for moderate damage in melee!
You hit the white ugly thing. You punch the white ugly thing.
You bite the white ugly thing, but do no damage.
The white ugly thing misses you.
Spoiler Alert: The white ugly thing is fast and can hit for moderate damage in melee!
You barely miss the white ugly thing. Your bite misses the white ugly thing.
Spoiler Alert: The white ugly thing is fast and can hit for moderate damage in melee!
You barely miss the white ugly thing.
The white ugly thing tentacle-slaps you.
The white ugly thing freezes you! You resist.
* * * LOW HITPOINT WARNING * * *
Spoiler Alert: The white ugly thing is fast and can hit for moderate damage in melee!
You take 21 damage, and have 15/94 hp.
MASSIVE DAMAGE!!
You hit the white ugly thing but do no damage.
Lightning courses through the white ugly thing!!
The white ugly thing misses you.
Spoiler Alert: The white ugly thing is fast and can hit for moderate damage in melee!
Aiming: Charm
Press: ? - help, Shift-Dir - straight line, f - white ugly thing
Aim: a white ugly thing (heavily wounded, chance to affect: 49%)
The white ugly thing resists with some effort.
The white ugly thing closely misses you.
Spoiler Alert: The white ugly thing is fast and can hit for moderate damage in melee!
Aiming: Charm
Press: ? - help, Shift-Dir - straight line, f/p - white ugly thing
Aim: a white ugly thing (heavily wounded, chance to affect: 49%)
The white ugly thing resists with some effort.
The white ugly thing completely misses you.
Spoiler Alert: The white ugly thing is fast and can hit for moderate damage in melee!
Aiming: Charm
Press: ? - help, Shift-Dir - straight line, f/p - white ugly thing
Aim: a white ugly thing (heavily wounded, chance to affect: 49%)
The white ugly thing resists with some effort.
The white ugly thing tentacle-slaps you!
* * * LOW HITPOINT WARNING * * *
The white ugly thing freezes you! You resist.
You die...

.............. ....# .
.............> ...# .
#######....... ...# . #
#[.#########..# . #
#..#.......#..########## .
#..#.......'............ .
#..#.......#............ .
#..#########............ .
#######.........@u...........####
................####.........#...
#####...######### +.........#...
#...#...# #.........#...
#...#...# #.........#...
#...'...# #.........#..#
#...#...# #.........####
....#...############........<....
....#............................


You could see a white ugly thing.

Vanquished Creatures
  Josephine (D:11)
  A hydra (D:12)
  A boulder beetle (D:12)
  2 two-headed ogres (D:10)
  4 ugly things
  A gargoyle (D:12)
  A komodo dragon (D:12)
  Psyche (D:12)
  A troll (D:9)
  A hornet (D:11)
  Sigmund (D:5)
  7 wraiths
  A shadow (D:11)
  2 humans (D:8)
  2 wyverns
  A vampire (D:9)
  A basilisk (D:12)
  5 yaks (D:11)
  10 vampire mosquitoes
  3 water moccasins
  2 orc warriors
  2 ice beasts
  3 sky beasts
  2 black bears (D:6)
  4 ogres
  A phantom (D:5)
  2 centaurs
  2 kobold brigands
  3 bullfrogs (D:9)
  2 scorpions
  A gnoll sergeant (D:11)
  2 necrophages
  18 killer bees
  3 howler monkeys
  5 hounds
  6 jellies
  A gnoll shaman (D:8)
  2 orc priests
  4 iguanas (D:5)
  Jessica (D:3)
  Ijyb (D:2)
  18 orc wizards
  14 gnolls
  An adder (D:5)
  A shadow imp (D:7)
  A white imp (D:7)
  A dart slug (D:1)
  33 orcs
  3 endoplasms
  5 giant cockroaches
  3 goblins
  6 hobgoblins
  4 jackals
  7 quokkas
  2 ball pythons (D:1)
  3 bats
  2 frilled lizards
  15 kobolds
  5 rats
238 creatures vanquished.

Vanquished Creatures (others)
  A killer bee (D:9)
  23 fungi (D:9)
  15 plants (D:9)
39 creatures vanquished.

Grand Total: 277 creatures vanquished

Notes
Turn   | Place    | Note
-------+----------+-------------------------------------------
     0 | D:1      | IndexError the Gnoll Ice Elementalist began the quest for
                  | the Orb.
     0 | D:1      | Reached XP level 1. HP: 13/13 MP: 6/6
    36 | D:1      | Found Fulim's Antique Weapon Boutique.
   395 | D:1      | Reached XP level 2. HP: 19/19 MP: 3/7
   482 | D:1      | Found a faded altar of an unknown god.
  1417 | D:2      | Found a snail-covered altar of Cheibriados.
  1578 | D:2      | Reached XP level 3. HP: 25/25 MP: 6/9
  1699 | D:2      | Reached skill level 5 in Spellcasting
  1782 | D:2      | Identified the +0 hat of Sif Muna's Regard {+Blink Int+3}
  2052 | D:3      | Found a shadowy altar of Dithmenos.
  2052 | D:3      | Noticed Ijyb
  2066 | D:2      | Killed Ijyb
  2067 | D:2      | Reached skill level 1 in Fighting
  2067 | D:2      | Reached skill level 1 in Short Blades
  2067 | D:2      | Reached skill level 1 in Long Blades
  2067 | D:2      | Reached skill level 1 in Axes
  2067 | D:2      | Reached skill level 1 in Maces & Flails
  2067 | D:2      | Reached skill level 1 in Polearms
  2067 | D:2      | Reached skill level 1 in Staves
  2067 | D:2      | Reached skill level 1 in Slings
  2067 | D:2      | Reached skill level 1 in Bows
  2067 | D:2      | Reached skill level 1 in Crossbows
  2067 | D:2      | Reached skill level 1 in Throwing
  2067 | D:2      | Reached skill level 1 in Armour
  2067 | D:2      | Reached skill level 1 in Shields
  2067 | D:2      | Reached skill level 1 in Unarmed Combat
  2067 | D:2      | Reached skill level 1 in Invocations
  2067 | D:2      | Reached skill level 1 in Evocations
  2067 | D:2      | Reached XP level 4. HP: 10/32 MP: 3/11
  2073 | D:2      | Learned a level 3 spell: Frozen Ramparts
  2077 | D:2      | Learned a level 3 spell: Ozocubu's Armour
  2657 | D:3      | Noticed Jessica
  2663 | D:3      | Killed Jessica
  2664 | D:3      | Reached skill level 1 in Conjurations
  2664 | D:3      | Reached skill level 1 in Hexes
  2664 | D:3      | Reached skill level 1 in Summonings
  2664 | D:3      | Reached skill level 1 in Necromancy
  2664 | D:3      | Reached skill level 1 in Translocations
  2664 | D:3      | Reached skill level 1 in Transmutations
  2664 | D:3      | Reached skill level 1 in Fire Magic
  2664 | D:3      | Reached skill level 1 in Air Magic
  2664 | D:3      | Reached skill level 1 in Earth Magic
  2664 | D:3      | Reached skill level 1 in Poison Magic
  2752 | D:3      | Found a runed translucent gate.
  2753 | D:3      | Found a runed translucent gate.
  2762 | D:3      | Found a runed translucent gate.
  2780 | D:3      | Noticed Colgate's ghost (amateur TrTm)
  2810 | D:3      | Reached XP level 5. HP: 21/37 MP: 8/12
  3043 | D:3      | Found a burning altar of Makhleb.
  3434 | D:4      | Reached skill level 2 in Invocations
  3434 | D:4      | Reached XP level 6. HP: 24/44 MP: 10/13
  3664 | D:4      | Reached skill level 2 in Fighting
  3664 | D:4      | Reached skill level 2 in Short Blades
  3664 | D:4      | Reached skill level 2 in Long Blades
  3664 | D:4      | Reached skill level 2 in Axes
  3664 | D:4      | Reached skill level 2 in Maces & Flails
  3664 | D:4      | Reached skill level 2 in Polearms
  3664 | D:4      | Reached skill level 2 in Staves
  3664 | D:4      | Reached skill level 2 in Slings
  3664 | D:4      | Reached skill level 2 in Bows
  3664 | D:4      | Reached skill level 2 in Crossbows
  3664 | D:4      | Reached skill level 2 in Throwing
  3664 | D:4      | Reached skill level 2 in Armour
  3664 | D:4      | Reached skill level 5 in Dodging
  3664 | D:4      | Reached skill level 2 in Shields
  3664 | D:4      | Reached skill level 2 in Unarmed Combat
  3664 | D:4      | Reached skill level 2 in Evocations
  3827 | D:4      | Noticed a water moccasin
  3836 | D:4      | Killed a water moccasin
  3837 | D:4      | Reached XP level 7. HP: 50/50 MP: 8/15
  3992 | D:4      | Found a glowing drain.
  3999 | Sewer    | Entered a sewer
  4094 | Sewer    | Reached skill level 2 in Conjurations
  4094 | Sewer    | Reached skill level 2 in Hexes
  4094 | Sewer    | Reached skill level 2 in Summonings
  4094 | Sewer    | Reached skill level 2 in Necromancy
  4094 | Sewer    | Reached skill level 2 in Translocations
  4094 | Sewer    | Reached skill level 2 in Transmutations
  4094 | Sewer    | Reached skill level 2 in Fire Magic
  4094 | Sewer    | Reached skill level 2 in Air Magic
  4094 | Sewer    | Reached skill level 2 in Earth Magic
  4094 | Sewer    | Reached skill level 2 in Poison Magic
  4413 | D:5      | Entered Level 5 of the Dungeon
  4429 | D:5      | Reached skill level 5 in Stealth
  4473 | D:5      | Noticed Sigmund
  4480 | D:5      | Killed Sigmund
  4481 | D:5      | Reached skill level 3 in Invocations
  4482 | D:5      | Reached XP level 8. HP: 47/57 MP: 6/16
  4485 | D:5      | Reached skill level 3 in Fighting
  4485 | D:5      | Reached skill level 3 in Short Blades
  4485 | D:5      | Reached skill level 3 in Long Blades
  4485 | D:5      | Reached skill level 3 in Axes
  4485 | D:5      | Reached skill level 3 in Maces & Flails
  4485 | D:5      | Reached skill level 3 in Polearms
  4485 | D:5      | Reached skill level 3 in Staves
  4485 | D:5      | Reached skill level 3 in Slings
  4485 | D:5      | Reached skill level 3 in Bows
  4485 | D:5      | Reached skill level 3 in Crossbows
  4485 | D:5      | Reached skill level 3 in Throwing
  4485 | D:5      | Reached skill level 3 in Armour
  4485 | D:5      | Reached skill level 3 in Shields
  4485 | D:5      | Reached skill level 3 in Unarmed Combat
  4485 | D:5      | Reached skill level 3 in Evocations
  4569 | D:5      | Found a staircase to the Ecumenical Temple.
  4582 | Temple   | Entered the Ecumenical Temple
  4855 | Temple   | Became a worshipper of Ashenzari the Shackled
  4899 | D:5      | Reached skill level 6 in Spellcasting
  5365 | D:5      | You fall into a shaft and drop 1 floor!
  5559 | D:5      | Reached skill level 4 in Invocations
  5755 | D:5      | Found a stormy altar of Qazlal.
  5786 | D:5      | Reached skill level 3 in Conjurations
  5786 | D:5      | Reached skill level 3 in Hexes
  5786 | D:5      | Reached skill level 3 in Summonings
  5786 | D:5      | Reached skill level 3 in Necromancy
  5786 | D:5      | Reached skill level 3 in Translocations
  5786 | D:5      | Reached skill level 3 in Transmutations
  5786 | D:5      | Reached skill level 3 in Fire Magic
  5786 | D:5      | Reached skill level 3 in Air Magic
  5786 | D:5      | Reached skill level 3 in Earth Magic
  5786 | D:5      | Reached skill level 3 in Poison Magic
  6220 | D:6      | Reached skill level 6 in Dodging
  6220 | D:6      | Reached XP level 9. HP: 65/65 MP: 10/18
  6343 | D:6      | Got the Guide on the Escort
  6591 | D:6      | Reached skill level 4 in Fighting
  6591 | D:6      | Reached skill level 4 in Short Blades
  6591 | D:6      | Reached skill level 4 in Long Blades
  6591 | D:6      | Reached skill level 4 in Axes
  6591 | D:6      | Reached skill level 4 in Maces & Flails
  6591 | D:6      | Reached skill level 4 in Polearms
  6591 | D:6      | Reached skill level 4 in Staves
  6591 | D:6      | Reached skill level 4 in Slings
  6591 | D:6      | Reached skill level 4 in Bows
  6591 | D:6      | Reached skill level 4 in Crossbows
  6591 | D:6      | Reached skill level 4 in Throwing
  6591 | D:6      | Reached skill level 4 in Armour
  6591 | D:6      | Reached skill level 4 in Shields
  6591 | D:6      | Reached skill level 4 in Unarmed Combat
  6591 | D:6      | Reached skill level 4 in Evocations
  6612 | D:6      | Found a hazy altar of Hepliaklqana.
  7350 | D:7      | Reached skill level 6 in Stealth
  7350 | D:7      | Reached skill level 8 in Ice Magic
  8110 | D:8      | Reached skill level 5 in Invocations
  8699 | D:8      | Reached skill level 7 in Spellcasting
  9098 | D:8      | Found an iron altar of Okawaru.
  9107 | D:8      | Reached skill level 4 in Conjurations
  9107 | D:8      | Reached skill level 4 in Hexes
  9107 | D:8      | Reached skill level 4 in Summonings
  9107 | D:8      | Reached skill level 4 in Necromancy
  9107 | D:8      | Reached skill level 4 in Translocations
  9107 | D:8      | Reached skill level 4 in Transmutations
  9107 | D:8      | Reached skill level 4 in Fire Magic
  9107 | D:8      | Reached skill level 4 in Air Magic
  9107 | D:8      | Reached skill level 4 in Earth Magic
  9107 | D:8      | Reached skill level 4 in Poison Magic
  9107 | D:8      | Reached XP level 10. HP: 66/73 MP: 13/20
  9412 | D:8      | Reached skill level 5 in Fighting
  9412 | D:8      | Reached skill level 5 in Short Blades
  9412 | D:8      | Reached skill level 5 in Long Blades
  9412 | D:8      | Reached skill level 5 in Axes
  9412 | D:8      | Reached skill level 5 in Maces & Flails
  9412 | D:8      | Reached skill level 5 in Polearms
  9412 | D:8      | Reached skill level 5 in Staves
  9412 | D:8      | Reached skill level 5 in Slings
  9412 | D:8      | Reached skill level 5 in Bows
  9412 | D:8      | Reached skill level 5 in Crossbows
  9412 | D:8      | Reached skill level 5 in Throwing
  9412 | D:8      | Reached skill level 5 in Armour
  9412 | D:8      | Reached skill level 5 in Shields
  9412 | D:8      | Reached skill level 5 in Unarmed Combat
  9412 | D:8      | Reached skill level 5 in Evocations
  9780 | D:9      | Reached skill level 7 in Dodging
  9949 | D:9      | Found a radiant altar of Vehumet.
 10079 | D:9      | Found a staircase to the Lair.
 10485 | D:10     | Entered Level 10 of the Dungeon
 10701 | D:10     | Reached skill level 6 in Invocations
 10703 | D:10     | Reached skill level 7 in Stealth
 11052 | D:10     | Noticed a two-headed ogre
 11059 | D:10     | Killed a two-headed ogre
 11144 | D:10     | Found Kovvimuq's Weapon Shoppe.
 11261 | D:9      | HP: 19/76 [poisoned by a killer bee]
 11266 | D:9      | HP: 5/76 [killer bee (8)]
 11793 | D:9      | Found a staircase to the Lair.
 11819 | D:9      | Reached XP level 11. HP: 65/81 MP: 14/23
 11942 | D:9      | Found a radiant altar of Vehumet.
 12152 | D:9      | Learned a level 3 spell: Call Canine Familiar
 12434 | D:10     | Noticed Murumi's ghost (journeyman FoFi)
 12445 | D:10     | Found a transporter.
 12569 | D:10     | Noticed a two-headed ogre
 12590 | D:10     | Killed a two-headed ogre
 12591 | D:10     | Reached skill level 6 in Fighting
 12591 | D:10     | Reached skill level 6 in Short Blades
 12591 | D:10     | Reached skill level 6 in Long Blades
 12591 | D:10     | Reached skill level 6 in Axes
 12591 | D:10     | Reached skill level 6 in Maces & Flails
 12591 | D:10     | Reached skill level 6 in Polearms
 12591 | D:10     | Reached skill level 6 in Staves
 12591 | D:10     | Reached skill level 6 in Slings
 12591 | D:10     | Reached skill level 6 in Bows
 12591 | D:10     | Reached skill level 6 in Crossbows
 12591 | D:10     | Reached skill level 6 in Throwing
 12591 | D:10     | Reached skill level 6 in Armour
 12591 | D:10     | Reached skill level 6 in Shields
 12591 | D:10     | Reached skill level 6 in Unarmed Combat
 12591 | D:10     | Reached skill level 6 in Evocations
 12601 | D:10     | Reached skill level 5 in Conjurations
 12601 | D:10     | Reached skill level 5 in Hexes
 12601 | D:10     | Reached skill level 5 in Summonings
 12601 | D:10     | Reached skill level 5 in Necromancy
 12601 | D:10     | Reached skill level 5 in Translocations
 12601 | D:10     | Reached skill level 5 in Transmutations
 12601 | D:10     | Reached skill level 5 in Fire Magic
 12601 | D:10     | Reached skill level 5 in Air Magic
 12601 | D:10     | Reached skill level 5 in Earth Magic
 12601 | D:10     | Reached skill level 5 in Poison Magic
 12826 | D:10     | Found a bloodstained altar of Trog.
 13050 | D:10     | Found a transporter.
 13050 | D:10     | Noticed a moth of wrath
 13313 | D:11     | Noticed a purple ugly thing
 13341 | D:11     | Killed a purple ugly thing
 13342 | D:11     | Reached skill level 8 in Spellcasting
 13594 | D:11     | Noticed a cyan ugly thing
 13652 | D:11     | Found a staircase to the Orcish Mines.
 13879 | D:11     | Killed a cyan ugly thing
 14295 | D:11     | Noticed a green ugly thing
 14319 | D:11     | Killed a green ugly thing
 14320 | D:11     | Reached skill level 9 in Ice Magic
 14320 | D:11     | Reached skill level 7 in Invocations
 14415 | D:11     | Reached skill level 8 in Dodging
 14595 | D:11     | Noticed Josephine
 14613 | D:11     | HP: 17/79 [vampire mosquito (6)]
 14613 | D:11     | Killed Josephine
 15746 | D:12     | Reached skill level 8 in Stealth
 15817 | D:12     | Reached * piety under Ashenzari
 16096 | D:12     | Noticed Psyche
 16099 | D:12     | Killed Psyche
 16208 | D:12     | Noticed a boulder beetle
 16219 | D:12     | Killed a boulder beetle
 16220 | D:12     | Reached XP level 12. HP: 58/93 MP: 19/25
 16770 | D:12     | Noticed a seven-headed hydra
 16789 | D:12     | Killed a seven-headed hydra
 16790 | D:12     | Reached skill level 7 in Fighting
 16790 | D:12     | Reached skill level 7 in Short Blades
 16790 | D:12     | Reached skill level 7 in Long Blades
 16790 | D:12     | Reached skill level 7 in Axes
 16790 | D:12     | Reached skill level 7 in Maces & Flails
 16790 | D:12     | Reached skill level 7 in Polearms
 16790 | D:12     | Reached skill level 7 in Staves
 16790 | D:12     | Reached skill level 7 in Slings
 16790 | D:12     | Reached skill level 7 in Bows
 16790 | D:12     | Reached skill level 7 in Crossbows
 16790 | D:12     | Reached skill level 7 in Throwing
 16790 | D:12     | Reached skill level 7 in Armour
 16790 | D:12     | Reached skill level 7 in Shields
 16790 | D:12     | Reached skill level 7 in Unarmed Combat
 16790 | D:12     | Reached skill level 7 in Evocations
 16936 | D:12     | HP: 15/94 [white ugly thing (17)]
 16940 | D:12     | HP: 2/94 [white ugly thing (14)]
 16940 | D:12     | Mangled by a white ugly thing

Illustrated notes

Levels and vault maps discovered:
D:1:      dpeg_arrival_erosion, layout_basic, serial_shops, shop,
          hellmonk_ecumenical_altar_run_dry
D:2:      layout_basic, basic_altar
D:3:      layout_rooms, bloody_makhleb, nicolae_dithmenos_the_darkroom,
          gammafunk_ghost_necromancy, serial_corexii_hall,
          corexii_hall_statues_l, chequers_hall_statues_corner_a, uniq_jessica,
          uniq_ijyb
D:4:      layout_cave_pools, gup_sewer_entry_bubbles
D:5:      layout_loops_corners, kennysheep_mini_moat, temple_fountains,
          grunt_ministairs_9, kennysheep_generic_room_4, uniq_sigmund
D:6:      layout_gridville, nicolae_hepliaklqana_hippocampus
D:7:      layout_rooms, chequers_serial_rivers_micro_d
D:8:      layout_gridville, okawaru_humans
D:9:      layout_roguey, mainiacjoe_overflow_alcove_1,
          grunt_lair_entry_orc_guard_hut
D:10:     layout_long_grid, mainiacjoe_overflow_24_doors,
          gammafunk_ghost_berserking_beasts, serial_shops, nicolae_shop_crystal
D:11:     layout_stronghold, orc_0_dummy, grunt_ministairs_1, uniq_josephine
D:12:     layout_irregular_city, uniq_psyche
Temple:   bh_familiar_temple

Skill      XL: |  1  2  3  4  5  6  7  8  9 10 11 12 |
---------------+-------------------------------------+-----
Spellcasting   | 5 6 7 8 |  8.7
Fighting       | 1 2 3 4 5 6 7 |  7.0
Short Blades   | 1 2 3 4 5 6 7 |  7.0
Long Blades    | 1 2 3 4 5 6 7 |  7.0
Axes           | 1 2 3 4 5 6 7 |  7.0
Maces & Flails | 1 2 3 4 5 6 7 |  7.0
Polearms       | 1 2 3 4 5 6 7 |  7.0
Staves         | 1 2 3 4 5 6 7 |  7.0
Slings         | 1 2 3 4 5 6 7 |  7.0
Bows           | 1 2 3 4 5 6 7 |  7.0
Crossbows      | 1 2 3 4 5 6 7 |  7.0
Throwing       | 1 2 3 4 5 6 7 |  7.0
Armour         | 1 2 3 4 5 6 7 |  7.0
Shields        | 1 2 3 4 5 6 7 |  7.0
Unarmed Combat | 1 2 3 4 5 6 7 |  7.0
Invocations    | 1 2 3 4 5 6 7 |  7.7
Evocations     | 1 2 3 4 5 6 7 |  7.0
Conjurations   | 1 2 3 4 5 |  5.8
Hexes          | 1 2 3 4 5 |  5.8
Summonings     | 1 2 3 4 5 |  5.8
Necromancy     | 1 2 3 4 5 |  5.8
Translocations | 1 2 3 4 5 |  5.8
Transmutations | 1 2 3 4 5 |  5.8
Fire Magic     | 1 2 3 4 5 |  5.8
Air Magic      | 1 2 3 4 5 |  5.8
Earth Magic    | 1 2 3 4 5 |  5.8
Poison Magic   | 1 2 3 4 5 |  5.8
Dodging        | 5 6 7 8 |  8.5
Stealth        | 5 6 7 8 |  8.2
Ice Magic      | 8 9 |  9.3

Action                   |  1- 3 |  4- 6 |  7- 9 | 10-12 || total
-------------------------+-------+-------+-------+-------++-------
Melee: Club              |     7 |       |       |       ||     7
       Bite              |     1 |     5 |    13 |    36 ||    55
       Whip              |     4 |    24 |       |       ||    28
       Dagger            |       |       |   126 |   196 ||   322
       Punch             |       |       |     2 |    10 ||    12
 Cast: Freeze            |    51 |    30 |    42 |    29 ||   152
       Frozen Ramparts   |       |     2 |    24 |    32 ||    58
       Ozocubu's Armour  |       |       |    12 |    23 ||    35
       Call Canine Famil |       |       |       |     1 ||     1
Invok: Curse Item        |       |       |       |     2 ||     2
Evoke: Wand              |       |       |       |     5 ||     5
  Use: Potion            |       |       |       |     3 ||     3
 Stab: Sleeping          |     1 |       |     9 |     8 ||    18
       Distracted        |       |       |       |     1 ||     1
Armor: Robe              |     8 |       |     3 |    29 ||    40
       Leather armour    |       |     4 |    11 |       ||    15
Dodge: Dodged            |    37 |    48 |   155 |   304 ||   544

Table legend: (Time is in decaauts)
 A = Elapsed time spent in this place.
 B = Non-inter-level travel time spent in this place.
 C = Inter-level travel time spent in this place.
 D = Time resting spent in this place.
 E = Time spent auto-exploring this place.
 F = Levels seen in this place.
 G = Mean time per level.
                   A        B        C        D        E       F      G
               +--------+--------+--------+--------+--------+-----+--------+
         Total |  16933 |  15641 |   1292 |     86 |  13205 |  14 | 1209.5 |
       Dungeon |  16465 |  15218 |   1247 |     86 |  12831 |  12 | 1372.1 |
        Temple |    298 |    253 |     45 |      0 |    251 |   1 |  298.0 |
         Sewer |    169 |    169 |      0 |      0 |    122 |   1 |  169.0 |
               +--------+--------+--------+--------+--------+-----+--------+

Top non-repeatable levels by time:
    D:11: 2424 daAuts
     D:8: 1899 daAuts
    D:10: 1755 daAuts
     D:9: 1610 daAuts
     D:1: 1381 daAuts
     D:5: 1364 daAuts
    D:12: 1189 daAuts
     D:6: 1174 daAuts
     D:3: 1160 daAuts
     D:2: 1051 daAuts
     D:4: 743 daAuts
     D:7: 710 daAuts
  Temple: 298 daAuts
   Sewer: 169 daAuts

Table legend:
 A = Kills in this place as a percentage of kills in entire the game.
 B = Kills by you in this place as a percentage of kills by you in the entire game.
 C = Kills by friends in this place as a percentage of kills by friends in the entire game.
 D = Other kills in this place as a percentage of other kills in the entire game.
 E = Experience gained in this place as a percentage of experience gained in the entire game.
 F = Experience gained in this place divided by the number of levels of this place that you have seen.
                   A       B       C       D       E      F
               +-------+-------+-------+-------+-------+----------------------
         Total | 100.0 | 100.0 |   N/A | 100.0 | 100.0 | 1473.6
       Dungeon |  98.7 |  98.7 |   N/A | 100.0 |  99.3 | 1707.0
         Sewer |   1.3 |   1.3 |   N/A |   0.0 |   0.7 | 146.0
               +-------+-------+-------+-------+-------+----------------------
